 Dungeon Crawl Stone Soup version 0.31.0-11-ge490571c62 (webtiles) character file.

Game seed: 12550183564247256994

44 bearlyready the Changeling (level 3, 0/26 HPs)
             Began as a Merfolk Shapeshifter on Feb 5, 2024.
             Slain by an orc wizard
             ... wielding a +0 dagger
              (2 damage)
             ... on level 2 of the Dungeon.
             The game lasted 00:01:52 (1147 turns).

bearlyready the Changeling (Merfolk Shapeshifter)   Turns: 1147, Time: 00:01:53

Health: 0/26       AC:  3    Str: 16    XL:     3   Next: 60%
Magic:  3/3        EV: 12    Int:  9    God:
Gold:   40         SH:  0    Dex: 13    Spells: 2/2 levels left

rFire   . .          .
                       - Unarmed
rCold   . . .        (no shield)
rNeg    . . .        h - +0 leather armour
rPois   .            (helmet currently unavailable)
rElec   .            (cloak currently unavailable)
rCorr   .            (gloves currently unavailable)
SInv    .            (boots currently unavailable)
Will    .....        (no amulet)
Stlth   +            (no ring)
HPRegen 0.24/turn    (no ring)
MPRegen 0.08/turn

%: no passive effects
@: beast-form
A: beast (slay +2), (nimble swimmer 2), mertail
a: Begin Untransformation


You were on level 2 of the Dungeon.
You were a hulking beast.
You visited 1 branch of the dungeon, and saw 2 of its levels.

You collected 40 gold pieces.

Inventory:

Missiles
 g - 14 stones (quivered)
Armour
 a - a +0 animal skin
 h - a +0 leather armour (worn)
Jewellery
 k - a ring of ice
Talismans
 c - a beast talisman
 d - a flux talisman
Scrolls
 f - a scroll of identify {unknown}
Potions
 b - a potion of lignification
 e - a potion of attraction {unknown}
 i - a potion of curing {unknown}
 j - 2 potions of might {unknown}
 l - a potion of berserk rage {unknown}


   Skills:
 - Level 1.1 Fighting
 - Level 2.6 Dodging
 + Level 4.2 Unarmed Combat
 + Level 4.9 Shapeshifting


You had 2 spell levels left.
You didn't know any spells.
Your spell library was empty.

Dungeon Overview and Level Annotations

Branches:
Dungeon (2/15)

Altars:


Innate Abilities, Weirdness & Mutations

You are a hulking beast.
Your limbs bulge with bestial killing power. (Slay +2)
((You are very nimble when in or above water. (Stealth+, EV+, Speed+++)))
Your lower body shifts to a powerful aquatic tail in water.


Message History

You hit the orc.
The orc is heavily wounded.
You hit the orc.
You kill the orc!
You punch the orc!
You kill the orc!
You punch the orc!
You kill the orc!
You miss something.
You hear some strange, mumbled words.
A puff of flame appears from out of thin air!
The puff of flame hits you.
You miss something.
You hear some strange, mumbled words.
A magic dart appears from out of thin air!
The magic dart hits you.
You are too injured to fight recklessly!
You are too injured to fight recklessly!
You are too injured to fight recklessly!
You are too injured to fight recklessly!
You are too injured to fight recklessly!
You are too injured to fight recklessly!
You are too injured to fight recklessly!
You are too injured to fight recklessly!
You hit something. Something hits you.
You closely miss something.
You hear some strange, mumbled words.
Something tries to affect you, but you resist.
You hit something. You closely miss something. Something hits you.
You hit something but do no damage. Something hits you but does no damage.
You hit something. Something hits you.
You closely miss something. Something hits you.
You barely miss something.
You hear some strange, mumbled words.
A magic dart appears from out of thin air!
The magic dart hits you!
* * * LOW HITPOINT WARNING * * *
You closely miss something. Something hits you.
You die...

## ####.
########### .....
#.........#
.....###.#######.#
.....<....# #.#
######.#..# #.#
.......#..# #.#
########..# #.#
...# #h# .... #{#
..... #o. #.#...
#... #.... #...♣.
#...... ....♣.♣.


You could see an orc.

Vanquished Creatures
  A dart slug (D:1)
  A ribbon worm (D:1)
  3 orcs (D:2)
  4 ball pythons (D:1)
  A bat (D:1)
  2 endoplasms (D:1)
  4 goblins (D:1)
  8 hobgoblins (D:1)
  A quokka (D:1)
  2 frilled lizards (D:1)
  4 kobolds (D:1)
  A rat (D:1)
32 creatures vanquished.

Notes
Turn   | Place    | Note
-------+----------+-------------------------------------------
     0 | D:1      | bearlyready the Merfolk Shapeshifter began the quest for
                  | the Orb.
     0 | D:1      | Reached XP level 1. HP: 15/15 MP: 1/1
     4 | D:1      | Noticed an electric eel
     5 | D:1      | Noticed an electric eel
   206 | D:1      | Reached XP level 2. HP: 21/21 MP: 2/2
   490 | D:1      | Reached XP level 3. HP: 26/26 MP: 3/3
  1146 | D:2      | HP: 1/26 [something/magic dart (7)]
  1147 | D:2      | Slain by an orc wizard

Illustrated notes

Levels and vault maps discovered:
D:1:      arrival_aquarium_b, layout_basic, nicolae_wormholes
D:2:      layout_basic, serial_forest, infiniplex_forest_end_2,
          infiniplex_forest_end_1, infiniplex_forest_clump_curved,
          infiniplex_forest_clump_small, infiniplex_forest_lined_room_,
          infiniplex_forest_corner_1, infiniplex_forest_straight_2,
          infiniplex_forest_lined_3, infiniplex_forest_straight_4,
          hellmonk_ecumenical_altar_the_god_not_taken, corexii_leaking_fountain

Skill      XL: |  1  2  3 |
---------------+----------+-----
Unarmed Combat | 4 |  4.2
Fighting       | |  1.1
Dodging        | |  2.6
Shapeshifting  | |  4.9

Action                     || total
---------------------------++-------
  Melee: Unarmed           ||    92
         Punch             ||     2
 Armour: Animal skin       ||     3
         Leather armour    ||    30
  Dodge: Dodged            ||    38
